 Dungeon Crawl Stone Soup version 0.29.1-12-g30fa7ad0bf (webtiles) character file.

Game seed: 753497061289801344

9 qsserrt the Trooper (level 2, -16/27 HPs)
             Began as a Hill Orc Fighter on Dec 15, 2022.
             Killed by an exploding ball python (38 damage)
             ... ignited by their inner flame
             ... on level 1 of the Dungeon.
             The game lasted 00:09:31 (260 turns).

qsserrt the Trooper (Hill Orc Fighter)               Turns: 260, Time: 00:09:32

Health: -16/27     AC:  6    Str: 18    XL:     2   Next: 12%
Magic:  2/2        EV:  9    Int:  8    God:
Gold:   60         SH:  5    Dex: 16    Spells: 1/1 levels left

rFire   . . .      SeeInvis .   a - +0 war axe
rCold   . . .      Faith    .   c - +0 buckler
rNeg    . . .      Spirit   .   b - +0 scale mail
rPois   .          Reflect  .   (no helmet)
rElec   .          Harm     .   (no cloak)
rCorr   .          Rampage  .   (no gloves)
Will    .....                   (no boots)
Stlth   ..........              (no amulet)
HPRegen 0.09/turn               g - +6 ring of dexterity
MPRegen 0.08/turn               (no ring)

@: no status effects
A: no striking features
a: no special abilities


You were on level 1 of the Dungeon.
You visited 1 branch of the dungeon, and saw 1 of its levels.

You collected 60 gold pieces.

Inventory:

Hand Weapons
 a - a +0 war axe (weapon)
 e - a +0 short sword of electrocution
Missiles
 h - 7 stones (quivered)
Armour
 b - a +0 scale mail (worn)
 c - a +0 buckler (worn)
Jewellery
 g - a +6 ring of dexterity (left hand)
Potions
 d - a potion of might
 f - a potion of ambrosia {unknown}
 i - a potion of heal wounds


   Skills:
 + Level 3.7 Fighting
 + Level 2.7 Axes
 + Level 3.5 Armour
 + Level 3.6 Shields


You had one spell level left.
You didn't know any spells.
Your spell library contained the following spells:

 Spells                   Type           Power      Damage    Failure   Level
 Summon Forest            Summ/Tloc      0%         N/A       100%        5
 Summon Mana Viper        Hex/Summ       0%         N/A       100%        5
 Summon Cactus Giant      Summ           0%         N/A       100%        6


Dungeon Overview and Level Annotations

Branches:
Dungeon (1/15)

Altars:


Message History

g - a +6 ring of dexterity (left hand)
Found 4 stones.
A goblin comes into view. It is wielding a +0 club.
The goblin shouts!
You hit the goblin.
You kill the goblin!
You see here a +0 club.
You see here 4 stones.
Found 7 gold pieces and 7 stones.
Found 8 gold pieces.
You now have 33 gold pieces (gained 7).
You see here 7 stones.
h - 7 stones You now have 41 gold pieces (gained 8).
HP restored.
Found 6 gold pieces.
Found a potion of heal wounds.
You now have 47 gold pieces (gained 6).
Found a stone staircase leading down.
i - a potion of heal wounds
Found a scroll labelled MEUROUTHREYG.
j - a scroll labelled MEUROUTHREYG
Found 13 gold pieces.
You now have 60 gold pieces (gained 13).
A kobold comes into view. It is wielding a +0 dagger.
The kobold shouts!
You hear an angry hiss.
A ball python and a bat come into view.
The ball python bites you. You block the ball python's attack.
The ball python bites you. The ball python misses you.
The kobold throws a stone.
The stone hits you but does no damage.
As you read the scroll labelled MEUROUTHREYG, it crumbles to dust.
The creatures around you are filled with an inner flame!
It was a scroll of immolation.
The ball python bites you but does no damage.
The ball python grabs you. The ball python constricts you.
You slash the ball python!
The ball python explodes!
You feel a bit more experienced. The fiery explosion engulfs you!!!
Ouch! That really hurt!
You die...

# .. . .. # .# .#
##.## #.####...###.#
#...b.b§.....#
########.§.#
##########......@§§##
...........#.#######
##########...# #####


You could see a bat.

Vanquished Creatures
  2 ball pythons (D:1)
  An endoplasm (D:1)
  A goblin (D:1)
  A hobgoblin (D:1)
  A kobold (D:1)
  A rat (D:1)
7 creatures vanquished.

Vanquished Creatures (collateral kills)
  2 kobolds (D:1)
  A ball python (D:1)
3 creatures vanquished.

Grand Total: 10 creatures vanquished

Notes
Turn   | Place    | Note
-------+----------+-------------------------------------------
     0 | D:1      | qsserrt the Hill Orc Fighter began the quest for the Orb.
     0 | D:1      | Reached XP level 1. HP: 19/19 MP: 1/1
   119 | D:1      | Reached XP level 2. HP: 20/27 MP: 2/2
   260 | D:1      | Killed by an exploding ball python... ignited by their
                  | inner flame

Illustrated notes

Levels and vault maps discovered:
D:1:      sevenhm_arrival_forest_fort_small_3, layout_loops_ring

Action                   || total
-------------------------++-------
Melee: War axe           ||    22
  Use: Scroll            ||     3
       Potion            ||     1
 Stab: Distracted        ||     1
Armor: Scale mail        ||     9
Dodge: Dodged            ||     9
Block: Buckler           ||     1
